 Dungeon Crawl Stone Soup version 0.28-a0-224-g76b539d98b (webtiles) character file.

Game seed: 6446040852520309826

48 bande the Skirmisher (level 3, 0/24 HPs)
             Began as a Gargoyle Fighter on Aug 21, 2021.
             Slain by Natasha (3 damage)
             ... on level 2 of the Dungeon.
             The game lasted 00:02:04 (1296 turns).

bande the Skirmisher (Gargoyle Fighter)             Turns: 1296, Time: 00:02:04

Health: 0/24       AC: 10    Str: 19    XL:     3   Next: 72%
Magic:  3/3        EV:  7    Int:  8    God:
Gold:   61         SH:  9    Dex: 10    Spells: 2/2 levels left

rFire   . . .      SeeInvis .   a - +0 war axe
rCold   . . .      Faith    .   c - +1 kite shield
rNeg    + . .      Spirit   .   b - +0 scale mail
rPois   ∞          Reflect  .   (no helmet)
rElec   +          Harm     .   (no cloak)
rCorr   .          Rampage  .   (no gloves)
Will    .....                   (no boots)
Stlth   ..........              (no amulet)
HPRegen 0.08/turn               (no ring)
MPRegen 0.08/turn               (no ring)

@: slowed, very slow
A: sickness immunity, AC +3, negative energy resistance 1, electricity
resistance, torment resistance 1, petrification resistance
a: no special abilities


You were on level 2 of the Dungeon.
You visited 1 branch of the dungeon, and saw 2 of its levels.

You collected 61 gold pieces.

Inventory:

Hand Weapons
 a - a +0 war axe (weapon)
Armour
 b - a +0 scale mail (worn)
 c - a +1 kite shield (worn)
Scrolls
 e - a scroll of fear
Potions
 d - a potion of might
 g - a potion of flight {unknown}


   Skills:
 + Level 3.7 Fighting
 + Level 2.5 Axes
 + Level 3.5 Armour
 + Level 0.2 Dodging
 + Level 3.7 Shields


You had 2 spell levels left.
You didn't know any spells.
Your spell library was empty.

Dungeon Overview and Level Annotations

Branches:
Dungeon (2/15)

Altars:

Annotations:
D:2 Natasha


Innate Abilities, Weirdness & Mutations

You are immune to sickness and miasma.
Your stone body is resilient. (AC +3)
You are immune to poison.
You resist negative energy. (rN+)
You are resistant to electric shocks. (rElec)
You are resistant to unholy torment.
You are immune to petrification.


Message History

You block Natasha's attack.
The shadow imp hits you but does no damage.
You hit Natasha.
Natasha is severely wounded.
You barely miss the shadow imp. You block Natasha's attack.
You block the shadow imp's attack. Natasha claws you but does no damage.
You block the shadow imp's attack.
You closely miss Natasha.
Natasha is severely wounded.
You slash the shadow imp! Natasha casts a spell at you.
You feel yourself slow down.
The shadow imp hits you but does no damage.
Natasha barely misses you. You block the shadow imp's attack.
You barely miss Natasha.
Natasha is severely wounded.
You closely miss the shadow imp. Natasha closely misses you.
The shadow imp closely misses you.
Natasha mumbles some strange words.
The shadow imp disappears for a moment.
The shadow imp gestures at you. Pain shoots through your body!
You barely miss Natasha.
Natasha is severely wounded.
You barely miss the shadow imp. Natasha claws you but does no damage.
The shadow imp closely misses you. You block Natasha's attack.
The shadow imp gestures at you. Pain shoots through your body!
You block the shadow imp's attack.
Unknown command.
You closely miss Natasha.
Natasha is severely wounded.
You hit the shadow imp but do no damage.
You hit the shadow imp.
You kill the shadow imp!
Natasha claws you. The shadow imp barely misses you. Natasha claws you.
* * * LOW HITPOINT WARNING * * *
The shadow imp hits you.
* * * LOW HITPOINT WARNING * * *
Natasha claws you.
You die...

#..........#
#>....#..#.#.##
#..##.####.#.#
#.... #.#.# #.#.# #
#.#.# # #...#.#
#.#.# #.#...#.#
#.#.# #.#....h5.#
#.#.# #......@#
#.#.#
#######.######.#.#
...............#.#
#######.########.##
.(................#
#.#####.###########
#.# #.# ..#


You could see Natasha and a shadow imp (summoned).

Vanquished Creatures
  2 dart slugs (D:1)
  7 bats
  4 endoplasms
  A giant cockroach (D:2)
  A goblin (D:1)
  5 hobgoblins
  4 quokkas
  2 ball pythons
  2 frilled lizards (D:1)
  6 kobolds
  4 rats
38 creatures vanquished.

Notes
Turn   | Place    | Note
-------+----------+-------------------------------------------
     0 | D:1      | bande the Gargoyle Fighter began the quest for the Orb.
     0 | D:1      | Reached XP level 1. HP: 14/14 MP: 1/1
   225 | D:1      | Reached XP level 2. HP: 19/19 MP: 2/2
   726 | D:1      | Reached XP level 3. HP: 24/24 MP: 3/3
  1034 | D:2      | Found a faded altar of an unknown god.
  1280 | D:2      | Noticed Natasha
  1296 | D:2      | Slain by Natasha

Illustrated notes

Levels and vault maps discovered:
D:1:      kennysheep_arrival_seaside, layout_rooms,
          chequers_serial_rivers_micro_a
D:2:      layout_basic, hellmonk_ecumenical_altar_blasted, uniq_natasha

Skill      XL: |  1  2 |
---------------+-------+-----
Axes           | 2 |  2.5
Fighting       | |  3.7
Armour         | |  3.5
Dodging        | |  0.2
Shields        | |  3.7

Action                   || total
-------------------------++-------
Melee: War axe           ||   120
  Use: Scroll            ||     6
Armor: Scale mail        ||    85
Dodge: Dodged            ||    31
Block: Kite shield       ||    90

Table legend: (Time is in decaauts)
 A = Elapsed time spent in this place.
 B = Non-inter-level travel time spent in this place.
 C = Inter-level travel time spent in this place.
 D = Time resting spent in this place.
 E = Time spent auto-exploring this place.
 F = Levels seen in this place.
 G = Mean time per level.
                   A        B        C        D        E       F      G
               +--------+--------+--------+--------+--------+-----+--------+
         Total |   1376 |   1321 |     55 |     85 |    897 |   2 |  688.0 |
       Dungeon |   1376 |   1321 |     55 |     85 |    897 |   2 |  688.0 |
               +--------+--------+--------+--------+--------+-----+--------+

Top non-repeatable levels by time:
     D:1: 928 daAuts
     D:2: 448 daAuts
